 Dungeon Crawl Stone Soup version 0.29.1-2-gbd0b4ee654 (webtiles) character file.

Game seed: 773903535288461597

65 CryoSword the Shooter (level 4, -3/25 HPs)
             Began as a Kobold Arcane Marksman on Nov 11, 2022.
             Killed by divine providence
             ... invoked by an orc priest
              (14 damage)
             ... on level 3 of the Dungeon.
             The game lasted 00:02:47 (2232 turns).

CryoSword the Shooter (Kobold Arcane Marksman)      Turns: 2232, Time: 00:02:48

Health: -3/25      AC:  2    Str:  7    XL:     4   Next: 34%
Magic:  14/14      EV: 15    Int: 14    God:
Gold:   173        SH:  0    Dex: 17    Spells: 4/5 levels left

rFire   . . .      SeeInvis .   w - +1 sling
rCold   . . .      Faith    .   (no shield)
rNeg    . . .      Spirit   .   c - +0 robe
rPois   .          Reflect  .   (no helmet)
rElec   .          Harm     .   (no cloak)
rCorr   +          Rampage  .   (no gloves)
Will    .....                   (no boots)
Stlth   ++........              (no amulet)
HPRegen 0.08/turn               k - ring of magical power
MPRegen 0.14/turn               m - ring of resist corrosion

@: confused
A: small, no large weapons, nightstalker 3
a: no special abilities


You were on level 3 of the Dungeon.
You visited 1 branch of the dungeon, and saw 3 of its levels.

You collected 173 gold pieces.

Inventory:

Hand Weapons
 a - a +4 dagger of venom
   (You took it off a goblin on level 1 of the Dungeon)
 w - a +1 sling (weapon)
Armour
 c - a +0 robe (worn)
Jewellery
 k - a ring of magical power (left hand)
   (You found it on level 2 of the Dungeon)
 m - a ring of resist corrosion (right hand)
   (You found it on level 2 of the Dungeon)
Scrolls
 b - 2 scrolls of poison {!r}
 g - a scroll of brand weapon {unknown}
 i - a scroll of identify {unknown}
 j - 2 scrolls of teleportation {unknown}
 o - a scroll of enchant weapon {unknown}
Potions
 d - a potion of berserk rage {unknown}
 e - a potion of attraction {unknown}
 f - 2 potions of flight {unknown}
 h - a potion of curing {unknown}
 l - a potion of brilliance {unknown}
 n - a potion of mutation {unknown}


   Skills:
 + Level 1.3 Fighting
 * Level 5.3 Ranged Weapons
 + Level 2.6 Dodging
 + Level 0.8 Stealth
 - Level 1.1 Spellcasting
 - Level 3.0 Hexes


You had 4 spell levels left.
You knew the following spells:

 Your Spells              Type           Power      Damage    Failure   Level
a - Slow                  Hex            36%        N/A       8%          1

Your spell library contained the following spells:

 Spells                   Type           Power      Damage    Failure   Level
 Inner Flame              Hex/Fire       4%         N/A       38%         3
 Portal Projectile        Hex/Tloc       8%         N/A       38%         3
 Cause Fear               Hex            4%         N/A       58%         4


Dungeon Overview and Level Annotations

Branches:
Dungeon (3/15)

Altars:


Innate Abilities, Weirdness & Mutations

You are small and have problems with some larger weapons.
You are completely attuned to the shadows.


Message History

The goblin unwields a +0 dagger.
The goblin wields a +0 sling.
The goblin shoots a sling bullet.
The sling bullet barely misses you.
There is an open door here.
A goblin is nearby!
You shoot a sling bullet. The sling bullet hits the goblin.
You kill the goblin!
A frilled lizard comes into view.
A giant cockroach comes into view.
You shoot a sling bullet.
The sling bullet hits the frilled lizard.
You kill the frilled lizard!
You shoot a sling bullet.
The sling bullet hits the giant cockroach.
You shoot a sling bullet.
The sling bullet barely misses the giant cockroach.
The giant cockroach bites you but does no damage.
You shoot a sling bullet.
The sling bullet hits the giant cockroach.
You kill the giant cockroach!
No target in view!
n - a fizzy pink potion
Found a whip.
There is an escape hatch in the floor here.
You now have 148 gold pieces (gained 8).
You see here a +0 whip.
Could not explore, unopened door.
Could not explore, unopened door.
You open the door.
There is an open door here.
A rat comes into view.
A rat is nearby!
There's nothing to open nearby.
You shoot a sling bullet. The sling bullet hits the rat!
You kill the rat!
No target in view!
You see here a rat corpse.
j - 2 scrolls labelled IPPIGI KESO (gained 1) Could not explore, unopened door.
Could not explore, unopened door.
As you open the door, it creaks loudly!
There is an open door here.
There is an open door here.
Could not explore, unopened door.
Could not explore, unopened door.
You open the door.
Found a stone staircase leading down.
There is an open door here.
You open the door.
You now have 160 gold pieces (gained 12).
There is an open door here.
You see here a +0 scale mail.
There is an open door here.
Could not explore, unopened door.
You open the door.
There is an open door here.
Could not explore, unopened door.
You open the door.
There is an open door here.
There is an open door here.
There is an open door here.
There is an open door here.
There is an open door here.
There is an open door here.
There is an open door here.
Could not explore, unopened door.
You open the door.
There is an open door here.
Found a stone staircase leading up.
There is an open door here.
o - a scroll labelled ZIEQIN ORHI You now have 173 gold pieces (gained 13).
There is an open door here.
Found an escape hatch in the ceiling.
There is an escape hatch in the ceiling here.
Could not explore, unopened door.
Could not explore, unopened door.
You open the door.
There is an open door here.
Done exploring.
Done exploring.
Done exploring.
There is a stone staircase leading down here.
You climb downwards.
There is a stone staircase leading up here.
A jackal and 5 orcs come into view.
An orc is wielding a +3 short sword of venom.
There are monsters nearby!
There are monsters nearby!
There is a stone staircase leading up here.
You climb upwards.
There is a stone staircase leading down here.
Key pressed, stopping travel.
You climb downwards.
There is a stone staircase leading up here.
You climb upwards.
There is a stone staircase leading down here.
There is a stone staircase leading down, spattered with blood here.
You climb downwards.
There is a stone staircase leading up here.
You open the door. You shoot a sling bullet. The sling bullet hits the jackal.
You kill the jackal!
You hear a shout!
You hear a bark!
You hear a shout! x2
An orc comes into view. It is wielding a +0 flail.
You hear a shout!
You hear an angry hiss.
You shoot a sling bullet. The sling bullet barely misses the orc.
You hear a shout!
A jackal comes into view.
You hear a shout! x3
You shoot a sling bullet.
The sling bullet completely misses the orc.
You shoot a sling bullet. The sling bullet barely misses the orc.
The sling bullet hits the jackal.
The orc hits you but does no damage.
You shoot a sling bullet.
The sling bullet closely misses the orc.
The sling bullet closely misses the jackal.
An orc wizard comes into view. It is wielding a +0 dagger.
The orc misses you.
You shoot a sling bullet. The sling bullet hits the orc.
The orc closely misses you. x2
You shoot a sling bullet. The sling bullet barely misses the orc.
The sling bullet closely misses the jackal.
You hear a shout!
The orc barely misses you.
You shoot a sling bullet. The sling bullet hits the orc.
You kill the orc!
The jackal bites you.
You shoot a sling bullet. The sling bullet hits the jackal.
You kill the jackal!
You shoot a sling bullet. The orc shouts!
The sling bullet hits the orc.
An orc priest comes into view. It is wielding a +0 club.
The orc wizard points at you and mumbles some strange words.
The magic dart hits you!
You are too injured to fight recklessly!
You are too injured to fight recklessly!
Unknown command.
The orc attacks as you move away! The orc closely misses you.
There is a stone staircase leading up here.
The orc hits you with a +0 hand axe.
* * * LOW HITPOINT WARNING * * *
The orc wizard casts a spell at you.
You are confused.
In your confused state, you trip and fall back down the stairs.
* * * LOW HITPOINT WARNING * * *
The orc closely misses you.
The orc priest mumbles some strange prayers to Beogh against you.
Beogh smites you!
Ouch! That really hurt!
You die...

#...#..##
.....###
......o.o
..♣..o...
.o......o
###oo..o###.
##.o# #oo.#
#@.## ####


You could see an orc priest, an orc wizard and 4 orcs.

Vanquished Creatures
  An adder (D:2)
  A gnoll (D:2)
  2 dart slugs (D:1)
  An orc (D:3)
  2 ball pythons (D:1)
  3 endoplasms
  5 giant cockroaches
  4 goblins
  3 hobgoblins
  4 jackals
  2 bats (D:1)
  5 frilled lizards
  2 kobolds (D:1)
  3 rats
38 creatures vanquished.

Notes
Turn   | Place    | Note
-------+----------+-------------------------------------------
     0 | D:1      | CryoSword the Kobold Arcane Marksman began the quest for
                  | the Orb.
     0 | D:1      | Reached XP level 1. HP: 12/12 MP: 2/2
   141 | D:1      | Reached skill level 3 in Ranged Weapons
   301 | D:1      | Found a faded altar of an unknown god.
   304 | D:1      | Reached XP level 2. HP: 16/16 MP: 3/3
   348 | D:1      | Reached skill level 4 in Ranged Weapons
   731 | D:1      | Reached XP level 3. HP: 17/20 MP: 2/4
  1393 | D:2      | Reached skill level 5 in Ranged Weapons
  1843 | D:2      | Reached XP level 4. HP: 25/25 MP: 5/5
  2232 | D:3      | Killed from afar by an orc priest

Illustrated notes

Levels and vault maps discovered:
D:1:      minmay_arrival_loop, layout_loops_ring,
          hellmonk_ecumenical_altar_heavens_door
D:2:      layout_basic, cheibrodos_gnoll_hut
D:3:      layout_loops_ring, grunt_ministairs_6, uniq_robin

Skill      XL: |  1  2  3 |
---------------+----------+-----
Ranged Weapons | 3 4 5 |  5.3
Fighting       | |  1.3
Dodging        | |  2.6
Stealth        | |  0.8
Spellcasting   | |  1.1
Hexes          | |  3.0

Action                   |  1- 3 |  4- 6 || total
-------------------------+-------+-------++-------
 Fire: Sling             |    99 |    16 ||   115
 Cast: Slow              |    11 |       ||    11
Armor: Robe              |     7 |     2 ||     9
Dodge: Dodged            |    68 |     7 ||    75
